[Event "Late-Titled-Tuesday-Blitz-September-05-2023"]
[Site "Chess.com"]
[Date "2023.09.05"]
[Round "5"]
[White "DeArron_Fox"]
[Black "Sacbutt"]
[Result "1-0"]
[WhiteElo "2472"]
[BlackElo "2269"]
[TimeControl "180+1"]
[EndTime "14:55:40 PDT"]
[Termination "DeArron_Fox won by resignation"]

1. d4 Nf6 2. c4 e6 3. Nf3 b6 4. g3 Bb7 5. Bg2 Be7 6. O-O O-O 7. Re1 Ne4 8. Qc2 f5 9. Nc3 Nxc3 10. Qxc3 Be4 11.
b3 d6 12. Bb2 Bf6 13. Qd2 Nd7 14. h4 h6 15. Nh2 Bxg2 16. Kxg2 Qe7 17. e4 fxe4 18. Rxe4 Qf7 19. Rae1 Rae8 20. Qe2 e5 21. Ng4 c5 22. dxe5 Bxe5 23. Bxe5 Nxe5 24. f4 Nxg4 25.
Rxe8 Nf6 26. Rxf8+ Kxf8 27. Qe6 Qxe6 28. Rxe6 d5 29.
cxd5 Nxd5 30. Rd6 Nb4 31. a3 Nc2 32. Rd7 Nxa3 33. Rxa7 c4 34. Rxa3 1-0

[Event "Late-Titled-Tuesday-Blitz-September-05-2023"]
[Site "Chess.com"]
[Date "2023.09.05"]
[Round "5"]
[White "Dewarfd"]
[Black "Sulthankan"]
[Result "1-0"]
[WhiteElo "2201"]
[BlackElo "2381"]
[TimeControl "180+1"]
[EndTime "14:55:41 PDT"]
[Termination "Dewarfd won by resignation"]

1. d4 Nf6 2. e3 e6 3. Nf3 c5 4.
dxc5 Bxc5 5. c4 O-O 6. a3 a5 7.
Bd3 Nc6 8. Nc3 d5 9. cxd5 exd5 10. O-O d4 11. exd4 Nxd4 12. Nxd4 Bxd4 13. Bg5 h6 14.
Bh4 Be6 15. Rc1 Qb8 16. Bg3 Be5 17.
Bxe5 Qxe5 18. Re1 Qb8 19. h3 Rd8 20. Qe2 Qa7 21. Ne4 Nd5 22. Bb1 Qb6 23. Nc5 Re8 24.
Nxe6 Rxe6 25. Qd3 Nf6 26. Rxe6 Qxe6 27. Qf3 Rc8 28. Rd1 g6 29. Qxb7 Kg7 30. Ba2 Qxa2 31. Qxc8 Qb3 32. Qc1 1-0

[Event "Late-Titled-Tuesday-Blitz-September-05-2023"]
[Site "Chess.com"]
[Date "2023.09.05"]
[Round "5"]
[White "CrushingKings"]
[Black "SaqoChess_Twitch"]
[Result "0-1"]
[WhiteElo "2535"]
[BlackElo "2738"]
[TimeControl "180+1"]
[EndTime "14:55:47 PDT"]
[Termination "SaqoChess_Twitch won on time"]

1. Nf3 d5 2. g3 e6 3. Bg2 Nf6 4. O-O Be7 5. c4 O-O 6. b3 c5 7. cxd5 Nxd5 8. d4 Nc6 9. Bb2 cxd4 10. Nxd4 Nxd4 11. Qxd4 Bf6 12. Qd2 Bxb2 13. Qxb2 Qf6 14.
Qxf6 Nxf6 15. Rd1 Rb8 16. Na3 b6 17. Nb5 a5 18. Rac1 Ba6 19. Nd4 Rbc8 20. Nc6 Kh8 21.
Bf3 g6 22. Ne5 Kg7 23. Rxc8 Rxc8 24. Rd6 Rc1+ 25. Kg2 Rc2 26. e3 Rc1 27. g4 Bf1+ 28.
Kg3 b5 29. g5 Ne8 30. Rd7 Rc7 31. Rd8 f6 32. Rxe8 fxe5 33. Rxe6 Rc2 34. a3 Ra2 35.
Rxe5 Rxa3 36. Re7+ Kf8 37. Ra7 b4 38. Bd5 Bd3 39.
Kf4 Bc2 40. Ke5 Bxb3 41. Kf6 Bxd5 42. Rd7 Bc6 43. Rxh7 Ke8 0-1

[Event "Late-Titled-Tuesday-Blitz-September-05-2023"]
[Site "Chess.com"]
[Date "2023.09.05"]
[Round "5"]
[White "rezamahdavi2008"]
[Black "2k28Lakers"]
[Result "1-0"]
[WhiteElo "2758"]
[BlackElo "2526"]
[TimeControl "180+1"]
[EndTime "14:55:48 PDT"]
[Termination "rezamahdavi2008 won on time"]

1. e4 e5 2. Nf3 Nc6 3. Nc3 Nf6 4. a4 a6 5. g3 Bc5 6. Bg2 O-O 7. h3 d6 8. d3 h6 9. O-O Re8 10. Kh2 d5 11. Nd2 dxe4 12. Ndxe4 Nxe4 13. Nxe4 Bf8 14. f4 exf4 15. Bxf4 Be6 16. Qd2 Nd4 17. Rae1 f5 18. Nc3 c6 19. Be5 a5 20. Ne2 Nxe2 21. Rxe2 Qd7 22.
Bc3 Bd5 23. Rxe8 Rxe8 24. Bxa5 Bxg2 25. Qxg2 Qd4 26. Bc3 Qxa4 27. Rxf5 Bd6 28. Qf2 Qa2 29. Qd4 Re2+ 30. Kg1 Qb1+ 31. Rf1 Be5 32. Qc4+ 1-0

[Event "Late-Titled-Tuesday-Blitz-September-05-2023"]
[Site "Chess.com"]
[Date "2023.09.05"]
[Round "5"]
[White "Beca95"]
[Black "Jarming"]
[Result "1-0"]
[WhiteElo "2969"]
[BlackElo "2656"]
[TimeControl "180+1"]
[EndTime "14:55:49 PDT"]
[Termination "Beca95 won by resignation"]

1. e4 c5 2. Nc3 Nc6 3. Bb5 Nd4 4. Nf3 Nxb5 5. Nxb5 d5 6. exd5 a6 7. Nc3 Nf6 8. Ne5 Nxd5 9. Qf3 Nf6 10. d3 e6 11.
O-O Be7 12. a4 O-O 13. a5 Nd7 14. Nc4 Nb8 15. Nb6 Ra7 16. Bd2 Nc6 17. Nca4 Nd4 18. Qd1 Bd7 19. Bc3 Bc6 20. Re1 Bd6 21. Nc4 Qg5 22.
Re4 Bxe4 23. dxe4 Be7 24. Nab6 Nb5 25. Bd2 Qg6 26. e5 Rd8 27. c3 Bg5 28. Qe1 Bxd2 29.
Nxd2 Qc2 30. Ndc4 Nc7 31. Rc1 Qd3 32. Ne3 Qe4 33. Rd1 Rd3 34. Rxd3 Qxd3 35. Qf1 Qd8 36. Nec4 Nd5 37. Qd1 Ra8 38. Nxa8 Qxa8 39. Nb6 Qd8 40. c4 1-0

[Event "Late-Titled-Tuesday-Blitz-September-05-2023"]
[Site "Chess.com"]
[Date "2023.09.05"]
[Round "5"]
[White "Boorchess"]
[Black "nevermind242"]
[Result "0-1"]
[WhiteElo "2561"]
[BlackElo "2380"]
[TimeControl "180+1"]
[EndTime "14:55:50 PDT"]
[Termination "nevermind242 won by resignation"]

1. d4 e6 2. Nf3 f5 3. Bg5 Be7 4.
Bxe7 Qxe7 5. Nbd2 d5 6. c4 c6 7.
g3 Nf6 8. Bg2 O-O 9. O-O Nbd7 10.
Ne1 b6 11. Nd3 Bb7 12. Rc1 Rac8 13. Qb3 Ne4 14. Nf3 c5 15. cxd5 Bxd5 16. Qa3 Qd6 17. Nf4 c4 18. Qxd6 Nxd6 19. Nxd5 exd5 20. Ne5 Nf6 21.
a4 Nde4 22. Rfd1 Rfd8 23. h3 Kf8 24. g4 fxg4 25. hxg4 Ke7 26. f3 Nd6 27. Kf2 g5 28. Rh1 Kf8 29. Rh6 Kg7 30. Rch1 Rf8 31. Kg3 c3 32.
bxc3 Rxc3 33. Ra1 Kxh6 0-1

[Event "Late-Titled-Tuesday-Blitz-September-05-2023"]
[Site "Chess.com"]
[Date "2023.09.05"]
[Round "5"]
[White "Emp3rador"]
[Black "queen_iryna"]
[Result "1-0"]
[WhiteElo "2501"]
[BlackElo "2329"]
[TimeControl "180+1"]
[EndTime "14:55:53 PDT"]
[Termination "Emp3rador won by checkmate"]

1. e4 d6 2. d4 Nf6 3. Nc3 e5 4.
Nge2 Nc6 5. h3 Be7 6. g4 O-O 7.
Bg2 exd4 8. Nxd4 Re8 9. O-O Bf8 10. Re1 Bd7 11. Be3 Nxd4 12. Qxd4 Bc6 13. Rad1 Nd7 14. f4 a5 15. b3 Nc5 16. Bf2 Be7 17. e5 Bxg2 18. Kxg2 dxe5 19. Qc4 Nd7 20.
fxe5 Qc8 21. e6 fxe6 22. Qxe6+ Kh8 23. Qxd7 Bd6 24. Rxe8+ Qxe8 25. Qxe8+ Rxe8 26. Nb5 Be5 27. Rd7 c6 28. Nd6 Bxd6 29. Rxd6 h6 30. Rd7 Re2 31.
Rxb7 Rxc2 32. a4 c5 33. Kf3 c4 34. b4 axb4 35. Rxb4 c3 36. Rc4 Ra2 37. Rxc3 Rxa4 38.
Rc7 Kh7 39. Rd7 Ra3+ 40. Be3 Kg6 41. Ke4 Ra4+ 42. Bd4 h5 43. Rxg7+ Kh6 44. g5# 1-0

[Event "Late-Titled-Tuesday-Blitz-September-05-2023"]
[Site "Chess.com"]
[Date "2023.09.05"]
[Round "5"]
[White "FeketeBarika"]
[Black "RebecaJimnz"]
[Result "1-0"]
[WhiteElo "2408"]
[BlackElo "2252"]
[TimeControl "180+1"]
[EndTime "14:55:53 PDT"]
[Termination "FeketeBarika won by resignation"]

1. Nf3 Nf6 2. c4 g6 3. g3 Bg7 4. Nc3 O-O 5. Bg2 c5 6. O-O d6 7. d4 cxd4 8. Nxd4 a6 9. b3 Qc7 10. Bb2 Nc6 11. Nc2 Bd7 12. Rc1 Rab8 13. a4 Qa5 14. h3 Qh5 15. h4 g5 16. Bf3 Bg4 17. hxg5 Bxf3 18. exf3 Qxg5 19. Ne3 Nh5 20. Ne4 Qg6 21.
Bxg7 Nxg7 22. Ng2 Ne5 23. Nh4 Qh6 24. f4 Ng6 25. Nf3 Nf5 26. Neg5 f6 27. Qd5+ Kg7 28.
Ne6+ Kh8 29. Qxf5 Rf7 30. Kg2 Rg8 31. Rh1 Nxf4+ 32. Nxf4 Qg7 1-0

[Event "Late-Titled-Tuesday-Blitz-September-05-2023"]
[Site "Chess.com"]
[Date "2023.09.05"]
[Round "5"]
[White "arminmusovic"]
[Black "baag"]
[Result "0-1"]
[WhiteElo "2536"]
[BlackElo "2788"]
[TimeControl "180+1"]
[EndTime "14:55:54 PDT"]
[Termination "baag won on time"]

1. a3 g6 2. Nc3 Bg7 3. e4 Nf6 4. e5 Nh5 5. d4 d6 6. g4 dxe5 7. gxh5 exd4 8. h6 Be5 9. Nb1 Nc6 10. Bg2 O-O 11. h3 Bf5 12. Nf3 Bh8 13. O-O Qd7 14. Kh2 e5 15. Nh4 Be6 16. Nd2 f5 17. Ndf3 e4 18.
Ng5 Be5+ 19. Kh1 Bd5 20. f4 Bf6 21. Bd2 e3 22. Bb4 Nxb4 23. axb4 Bxg5 24. fxg5 f4 25. Bxd5+ Qxd5+ 26. Nf3 Rad8 27. Qe2 Qe4 28. Qd3 Qe6 29. Kh2 a6 30. Ra5 Kh8 31. Re5 Qd6 32. Qe4 Qxb4 33.
Rd1 Qxb2 34. Re7 d3 35. Rb1 Qxc2+ 36. Nd2 Qxd2+ 37. Kh1 Qc3 38. Re5 d2 0-1

[Event "Late-Titled-Tuesday-Blitz-September-05-2023"]
[Site "Chess.com"]
[Date "2023.09.05"]
[Round "5"]
[White "MelihKaanCan"]
[Black "TanitoluwaAps116"]
[Result "0-1"]
[WhiteElo "2462"]
[BlackElo "2697"]
[TimeControl "180+1"]
[EndTime "14:55:58 PDT"]
[Termination "TanitoluwaAps116 won on time"]

1. Nf3 Nf6 2. b3 g6 3. Bb2 Bg7 4. g3 O-O 5. Bg2 d6 6. O-O Nc6 7. c4 e5 8. d3 Re8 9. Nbd2 h6 10. Ne1 Be6 11. a3 d5 12. cxd5 Bxd5 13. Nc2 Bxg2 14.
Kxg2 Qd5+ 15. Kg1 Rad8 16. Ne3 Qe6 17. Nf3 e4 18. Ne1 exd3 19. Nxd3 Ng4 20. Nxg4 Bxb2 21. Ra2 Bd4 22. Nxh6+ Kh7 23. Qc1 Bg7 24. Nc5 Qd5 25. Ng4 Nd4 26. Ne3 Qh5 27. Rd1 Nxe2+ 28. Rxe2 Qxe2 29.
Rxd8 Rxd8 30. Nxb7 Rd2 31. Qf1 Qf3 0-1

[Event "Late-Titled-Tuesday-Blitz-September-05-2023"]
[Site "Chess.com"]
[Date "2023.09.05"]
[Round "5"]
[White "Willychess95"]
[Black "IMGC"]
[Result "1-0"]
[WhiteElo "2701"]
[BlackElo "2423"]
[TimeControl "180+1"]
[EndTime "14:56:00 PDT"]
[Termination "Willychess95 won on time"]

1. e4 g6 2. d4 Bg7 3. Nc3 d6 4. Be3 c6 5. Qd2 b5 6. O-O-O Qa5 7. Kb1 b4 8. Nce2 Nf6 9. f3 Be6 10. Nc1 h5 11. Nge2 Nbd7 12. Nf4 Nf8 13. Nxe6 Nxe6 14. Nb3 Qc7 15. Qxb4 a5 16. Qa4 O-O 17. d5 cxd5 18.
exd5 Rfc8 19. c3 Nf8 20. Bb5 N8d7 21. Bc6 Ra6 22. Qb5 Rxc6 23. Qxc6 Qxc6 24. dxc6 Ne5 25. Nxa5 Nxc6 26. Nxc6 Rxc6 27. Rhe1 Kf8 28. Bd4 e5 29. Bf2 Ke7 30. Bh4 Ke6 31. Bxf6 Bxf6 32. Kc2 Be7 33. b4 d5 34. Kb3 f5 35. a4 e4 36. a5 Bf6 37. Rc1 Bh4 38. g3 Bg5 39. Rc2 Bd8 40. c4 d4 41. fxe4 d3 42. exf5+ Kxf5 43. Rd2 1-0

[Event "Late-Titled-Tuesday-Blitz-September-05-2023"]
[Site "Chess.com"]
[Date "2023.09.05"]
[Round "5"]
[White "Malev212"]
[Black "geordie_derraugh"]
[Result "1/2-1/2"]
[WhiteElo "2631"]
[BlackElo "2484"]
[TimeControl "180+1"]
[EndTime "14:56:01 PDT"]
[Termination "Game drawn by repetition"]

1. e4 e5 2. Nf3 Nc6 3. Bc4 Bc5 4. c3 Nf6 5. d3 d6 6. O-O h6 7. a4 a6 8. Re1 O-O 9. h3 Be6 10. Bxe6 fxe6 11. b4 Ba7 12. Nbd2 Nh5 13. Nf1 Nf4 14. Ra2 Qf6 15. N1h2 Qg6 16. Bxf4 Rxf4 17. b5 Ne7 18. bxa6 bxa6 19. Rb2 Bb6 20. d4 exd4 21. cxd4 Rxe4 22. Rbe2 Rxe2 23. Qxe2 Kf7 24. Ng4 Qf5 25. Ne3 Qa5 26.
d5 exd5 27. Ng4 Re8 28. Qe6+ Kf8 29. Nh4 Qxa4 30. Ng6+ Nxg6 31. Qf5+ Kg8 32. Nf6+ gxf6 33. Qxg6+ Kf8 34. Qxf6+ Kg8 35. Qg6+ Kf8 36. Qxh6+ Kg8 37. Qg6+ Kf8 38. Qf5+ Kg8 39. Qxd5+ Kf8 40. Qf5+ Kg8 41. Qg6+ Kf8 42. Qf6+ Kg8 43. Qg6+ Kf8 44. Qf6+ Kg8 45. Qg6+ 1/2-1/2

[Event "Late-Titled-Tuesday-Blitz-September-05-2023"]
[Site "Chess.com"]
[Date "2023.09.05"]
[Round "5"]
[White "djano"]
[Black "vladislavkovalev"]
[Result "0-1"]
[WhiteElo "2625"]
[BlackElo "2907"]
[TimeControl "180+1"]
[EndTime "14:56:03 PDT"]
[Termination "vladislavkovalev won by checkmate"]

1. e4 e5 2. Nf3 Nc6 3. d4 exd4 4. Nxd4 Qf6 5. Nf3 Qg6 6. Nbd2 Bc5 7. c3 Nf6 8. b4 Bb6 9. b5 Ng4 10. bxc6 Nxf2 11. Qc2 Nxh1 12. Nc4 Bf2+ 13. Kd1 dxc6 14.
Ba3 Be6 15. Nce5 O-O-O+ 16. Kc1 Be3+ 17. Kb2 Qh5 18. Be2 Nf2 19. Be7 f6 20. Bxd8 Rxd8 21. Nd3 Qb5+ 22. Ka3 Nxd3 23. Nd4 Rxd4 24. cxd4 Qb4# 0-1

[Event "Late-Titled-Tuesday-Blitz-September-05-2023"]
[Site "Chess.com"]
[Date "2023.09.05"]
[Round "5"]
[White "zozik"]
[Black "onnoelgersma"]
[Result "0-1"]
[WhiteElo "2385"]
[BlackElo "2583"]
[TimeControl "180+1"]
[EndTime "14:56:03 PDT"]
[Termination "onnoelgersma won on time"]

1. d4 g6 2. Nf3 Bg7 3. g3 d6 4.
Bg2 Bf5 5. O-O Qc8 6. c4 Nf6 7.
Nc3 Ne4 8. Qb3 O-O 9. Nh4 Nxc3 10. bxc3 Nc6 11. Nxf5 gxf5 12. Qc2 e6 13. e4 fxe4 14. Bxe4 f5 15. Bg2 Qd7 16. Re1 Rae8 17. Rb1 Na5 18. Qd3 b6 19. Ba3 Qa4 20. Bb4 Qxa2 21. Bxa5 Qxa5 22.
Rxe6 Rxe6 23. Bd5 f4 24. Bxe6+ Kh8 25. Bd5 Qa2 26. f3 c5 27. Re1 cxd4 28. cxd4 Qb2 29. Re4 a5 30. gxf4 a4 31. f5 a3 32. f6 Bxf6 33.
Re2 Bxd4+ 0-1

[Event "Late-Titled-Tuesday-Blitz-September-05-2023"]
[Site "Chess.com"]
[Date "2023.09.05"]
[Round "5"]
[White "Valio_M1948"]
[Black "ameetghasi100"]
[Result "0-1"]
[WhiteElo "2515"]
[BlackElo "2684"]
[TimeControl "180+1"]
[EndTime "14:56:04 PDT"]
[Termination "ameetghasi100 won by resignation"]

1. d4 g6 2. e4 Bg7 3. Nc3 d6 4. f4 Nf6 5. Nf3 O-O 6. Bd3 Nc6 7. O-O Bg4 8. Be3 e5 9. fxe5 dxe5 10. d5 Nd4 11. Be2 Nxe2+ 12. Qxe2 Ne8 13. h3 Bd7 14. Qc4 Nd6 15. Qd3 Qe7 16. Rae1 h6 17. b3 b6 18. Nd2 f5 19. Nc4 f4 20. Bd2 g5 21. Nxd6 cxd6 22. Qe2 Rac8 23. a4 Rc5 24. b4 Rc7 25. Qd3 Rfc8 26.
Rc1 Rc4 27. Nb5 Bxb5 28. axb5 Qd7 29. c3 Qxb5 30. Qf3 Qd7 31. Ra1 R8c7 32. Ra2 Kh7 33.
Rfa1 Kg6 34. Qd3 h5 35. Rxa7 Rxa7 36. Rxa7 Qxa7 37. Qxc4 b5+ 0-1

[Event "Late-Titled-Tuesday-Blitz-September-05-2023"]
[Site "Chess.com"]
[Date "2023.09.05"]
[Round "5"]
[White "Bilan_Danila"]
[Black "Dzidzik2203"]
[Result "0-1"]
[WhiteElo "2506"]
[BlackElo "2362"]
[TimeControl "180+1"]
[EndTime "14:56:07 PDT"]
[Termination "Dzidzik2203 won on time"]

1. d4 Nf6 2. Nf3 e6 3. g3 b6 4.
Bg2 Bb7 5. O-O c5 6. c4 cxd4 7. Nxd4 Bxg2 8. Kxg2 Qc7 9. b3 a6 10.
Qd3 Be7 11. Nc3 O-O 12. Rd1 d6 13. Bb2 Nc6 14. Nxc6 Qxc6+ 15. Qf3 Qxf3+ 16. Kxf3 Rfc8 17. Rac1 Kf8 18. Rc2 b5 19. Ba3 bxc4 20. Na4 cxb3 21. Rxc8+ Rxc8 22. axb3 d5 23. Bxe7+ Kxe7 24. Ra1 Ne4 25. Ke3 e5 26. f3 Nd6 27. Nb6 Rc3+ 28. Kd2 Rxb3 29. Nxd5+ Ke6 30. Nc7+ Kd7 31. Nxa6 Kc6 32.
Rc1+ Kb6 33. Nc7 Rb2+ 34. Ke1 e4 35. Nd5+ Ka5 36. fxe4 Nxe4 37. Rc4 Rb1+ 0-1

[Event "Late-Titled-Tuesday-Blitz-September-05-2023"]
[Site "Chess.com"]
[Date "2023.09.05"]
[Round "5"]
[White "venturov"]
[Black "slidingknight2775"]
[Result "1-0"]
[WhiteElo "2449"]
[BlackElo "2581"]
[TimeControl "180+1"]
[EndTime "14:56:08 PDT"]
[Termination "venturov won on time"]

1. Nf3 d5 2. b3 c5 3. Bb2 f6 4. e3 e5 5. d4 cxd4 6. exd4 e4 7. Nfd2 f5 8. c4 Nf6 9. Nc3 Nc6 10. cxd5 Nxd5 11. Nxd5 Qxd5 12. Bc4 Qd8 13. O-O Bd6 14. f3 Qh4 15. g3 Bxg3 16. Qe2 Bf4 17. fxe4 Qg5+ 18. Kh1 Bxd2 19. exf5+ Kd8 20. d5 Na5 21. f6 Bg4 22. Qe7+ Kc8 23. Be5 Bd7 24. Qd6 Qxe5 25. Qxe5 gxf6 26. Rxf6 Re8 27. Qd6 Nxc4 28. bxc4 Bc3 29.
Rf7 Rd8 30. Raf1 Ba5 31. Qc5+ Bc7 32. Rxd7 Rxd7 33. Rf8+ Rd8 34. d6 1-0

[Event "Late-Titled-Tuesday-Blitz-September-05-2023"]
[Site "Chess.com"]
[Date "2023.09.05"]
[Round "5"]
[White "wild3000"]
[Black "Michalczak"]
[Result "1/2-1/2"]
[WhiteElo "2347"]
[BlackElo "2506"]
[TimeControl "180+1"]
[EndTime "14:56:08 PDT"]
[Termination "Game drawn by repetition"]

1. d4 Nf6 2. Nf3 d5 3. g3 c5 4.
Bg2 cxd4 5. Nxd4 e5 6. Nb3 Nc6 7. O-O h6 8. e4 d4 9. c3 dxc3 10. Qxd8+ Nxd8 11. Nxc3 a6 12. Be3 Nc6 13. Nd5 Nxd5 14.
exd5 Nb4 15. Rac1 Nxa2 16. Rc4 b5 17. Re4 Bd6 18. f4 Bf5 19. Rxe5+ Bxe5 20. fxe5 Bd3 21. Ra1 Nb4 22. Nc5 Bf5 23. d6 Rc8 24. Rf1 Be6 25. Bb7 Rd8 26. Nxa6 Nxa6 27. Bxa6 Bd7 28. Bb7 O-O 29.
Bd5 Be6 30. Bxe6 fxe6 31. Bb6 Ra8 32. Rxf8+ Kxf8 33. d7 Ke7 34. d8=Q+ Rxd8 35. Bxd8+ Kxd8 36. Kf2 Kc7 37. Ke3 Kc6 38. Kd4 g5 39. g4 Kb6 40.
b3 Kc6 41. b4 Kb6 42. Kd3 Kc6 43.
Ke4 Kb6 44. Kd4 Kc6 45. Ke4 Kb6 46. Kd4 Kc6 47. Ke4 1/2-1/2

[Event "Late-Titled-Tuesday-Blitz-September-05-2023"]
[Site "Chess.com"]
[Date "2023.09.05"]
[Round "5"]
[White "kikoveiga"]
[Black "BeautiFullMindChess"]
[Result "0-1"]
[WhiteElo "2565"]
[BlackElo "2355"]
[TimeControl "180+1"]
[EndTime "14:56:08 PDT"]
[Termination "BeautiFullMindChess won by checkmate"]

1. c4 e6 2. Nf3 d5 3. g3 Nf6 4. Bg2 h6 5. O-O Bd6 6. b3 O-O 7. Bb2 a5 8. d3 b6 9. Nbd2 Bb7 10. Qc2 Nbd7 11. e4 dxe4 12. dxe4 e5 13. Rad1 Qe7 14. Rfe1 Rfe8 15. Nb1 Bb4 16. Nc3 a4 17. Re2 axb3 18.
axb3 c6 19. Na4 b5 20. cxb5 cxb5 21. Nc3 Rac8 22. Qd3 Nc5 23. Qb1 Bxc3 24. Bxc3 Ncxe4 25. Bxe5 Nc3 26. Bxc3 Qxe2 27. Bxf6 Bxf3 28. Bxf3 Qxf3 29. Bd4 Rcd8 30. Rd2 Re2 31. Qd1 Rde8 32. Be3 R8xe3 33. fxe3 Qg2# 0-1

[Event "Late-Titled-Tuesday-Blitz-September-05-2023"]
[Site "Chess.com"]
[Date "2023.09.05"]
[Round "5"]
[White "antispeciesism"]
[Black "IngOscarArdila"]
[Result "1-0"]
[WhiteElo "2073"]
[BlackElo "2382"]
[TimeControl "180+1"]
[EndTime "14:56:12 PDT"]
[Termination "antispeciesism won on time"]

1. d4 Nf6 2. c4 e6 3. Nc3 Bb4 4. f3 d5 5. a3 Be7 6. cxd5 exd5 7. e3 O-O 8. Bd3 Re8 9. Nge2 c6 10. O-O Nbd7 11.
g4 Nf8 12. Ng3 Ng6 13. Bc2 Qc7 14. Nf5 Bxf5 15. gxf5 Nf8 16. e4 dxe4 17. fxe4 Bd8 18. e5 Nd5 19. Nxd5 cxd5 20. f6 Ng6 21. Qh5 gxf6 22. exf6 Qd6 23. Bd2 Bxf6 24. Bb4 Qc6 25. Ba4 Bxd4+ 26. Kh1 Qxa4 27. Rxf7 Bg7 28. Qxd5 Qc6 29.
Rxg7+ 1-0

[Event "Late-Titled-Tuesday-Blitz-September-05-2023"]
[Site "Chess.com"]
[Date "2023.09.05"]
[Round "5"]
[White "leschebaza"]
[Black "PawnEatingZombie"]
[Result "1-0"]
[WhiteElo "2396"]
[BlackElo "2094"]
[TimeControl "180+1"]
[EndTime "14:56:13 PDT"]
[Termination "leschebaza won on time"]

1. d4 e6 2. c4 b6 3. Nc3 Bb7 4. Nf3 Bb4 5. Bd2 f5 6. e3 Nf6 7. Bd3 O-O 8. Qc2 Bxc3 9. Bxc3 Ne4 10. O-O-O d6 11. Kb1 Nd7 12. h4 Ndf6 13. Ng5 Qe7 14. Nxe4 fxe4 15. Be2 d5 16. f4 a5 17. g4 Ba6 18. h5 Bxc4 19. Bxc4 dxc4 20. g5 Nd5 21. Qxe4 b5 22. Rc1 Qf7 23. Ka1 Qf5 24. Qf3 Qxg5 25.
Rcg1 Qf6 26. Qe4 b4 27. Bd2 c3 28. Bc1 a4 29. Rg6 hxg6 30. hxg6 Qf5 31. Rh8+ Kxh8 32. Qh1+ 1-0

[Event "Late-Titled-Tuesday-Blitz-September-05-2023"]
[Site "Chess.com"]
[Date "2023.09.05"]
[Round "5"]
[White "K_A_S_T_O_R"]
[Black "Fonsofan"]
[Result "1-0"]
[WhiteElo "2959"]
[BlackElo "2740"]
[TimeControl "180+1"]
[EndTime "14:56:14 PDT"]
[Termination "K_A_S_T_O_R won on time"]

1. e4 d6 2. d4 Nf6 3. Nc3 e5 4. Nf3 Nbd7 5. Bc4 Be7 6. O-O O-O 7.
Re1 exd4 8. Nxd4 Nb6 9. Bf1 Re8 10. g3 Bf8 11. Bg2 d5 12. e5 Ng4 13. e6 Nf6 14. exf7+ Kxf7 15. Rxe8 Qxe8 16. Ndb5 Qe7 17.
Bf4 Bg4 18. f3 Qc5+ 19. Kh1 Bd7 20. Nd4 Re8 21. Nce2 Nc4 22. b3 Ne3 23. Qd2 Nxg2 24. Kxg2 c6 25. g4 Qe7 26. Ng3 c5 27. Nde2 Bc6 28. c3 d4 29. cxd4 Qd7 30. h3 Rd8 31. Rd1 Nd5 32. Bg5 Re8 33. Ne4 b6 34. dxc5 bxc5 35.
N2c3 Nxc3 36. Qf4+ Kg8 37. Rxd7 1-0

[Event "Late-Titled-Tuesday-Blitz-September-05-2023"]
[Site "Chess.com"]
[Date "2023.09.05"]
[Round "5"]
[White "FaustinoOro"]
[Black "Lady_Nika"]
[Result "1-0"]
[WhiteElo "2855"]
[BlackElo "2479"]
[TimeControl "180+1"]
[EndTime "14:56:14 PDT"]
[Termination "FaustinoOro won by resignation"]

1. e4 e6 2. d4 d5 3. Nd2 Nf6 4. e5 Nfd7 5. c3 c5 6. Bd3 Nc6 7. Ne2 a6 8. Nf3 b5 9. O-O Qb6 10. Re1 Be7 11. Be3 c4 12. Bc2 b4 13. Ng3 g6 14. h4 h5 15. Qd2 a5 16. Bg5 Ba6 17.
Bxe7 Nxe7 18. Ng5 Nf5 19. Nxf5 gxf5 20. Bxf5 exf5 21. e6 Nf6 22. exf7+ Kf8 23. Re6 Qd8 24. Re8+ Nxe8 25. Ne6+ Kxf7 26. Nxd8+ Rxd8 27. Re1 Nd6 28. Re5 bxc3 29. bxc3 Bb7 30. Qg5 Rd7 31. f3 Rh7 32.
Re1 Bc8 33. Rb1 Rb7 34. Re1 Rd7 35. Qc1 Rg7 36. Qa3 f4 37. Qxa5 Nf5 38. Qb6 Rd6 39. Qc7+ Bd7 40. Re5 Kg8 41. Rxf5 Rdg6 42. Qd8+ Kh7 43.
Rxh5+ Rh6 44. Rxh6+ Kxh6 45. Qf6+ Kh7 46. Qxf4 Bh3 47.
g3 1-0

[Event "Late-Titled-Tuesday-Blitz-September-05-2023"]
[Site "Chess.com"]
[Date "2023.09.05"]
[Round "5"]
[White "grzechu96"]
[Black "GM_dmitrij"]
[Result "0-1"]
[WhiteElo "2663"]
[BlackElo "3037"]
[TimeControl "180+1"]
[EndTime "14:56:15 PDT"]
[Termination "GM_dmitrij won on time"]

1. e4 c5 2. Nf3 d6 3. d4 cxd4 4.
Nxd4 Nf6 5. Nc3 Nc6 6. f3 e5 7.
Nb3 Be7 8. Be3 O-O 9. Qd2 a5 10. Bb5 Na7 11. Bxa7 Rxa7 12. O-O-O Be6 13. Qe3 Ra8 14.
Kb1 Qc7 15. Rd3 Rfc8 16. a4 d5 17. exd5 Bf5 18. Rdd1 Bb4 19. Bd3 Bd7 20. Rhe1 Bxc3 21. bxc3 Qxc3 22. Qxe5 Qb4 23. Qd4 Qa3 24. Qb2 Qb4 25. d6 Bxa4 26. Be4 Rab8 27. Rd4 Qxe1+ 0-1

[Event "Late-Titled-Tuesday-Blitz-September-05-2023"]
[Site "Chess.com"]
[Date "2023.09.05"]
[Round "5"]
[White "zajka-molotok"]
[Black "isla88"]
[Result "1-0"]
[WhiteElo "2530"]
[BlackElo "2479"]
[TimeControl "180+1"]
[EndTime "14:56:16 PDT"]
[Termination "zajka-molotok won by resignation"]

1. d4 Nf6 2. Nf3 c5 3. d5 b5 4. e4 Nxe4 5. Bd3 Nd6 6. O-O c4 7. Be2 g6 8. Qd4 f6 9. Bf4 Nf5 10. Qd2 Bg7 11. a4 Bb7 12. axb5 O-O 13. Bxc4 Kh8 14.
Nc3 g5 15. Be3 Qc7 16. Bb3 d6 17. Bxa7 Nd7 18. Nd4 Nxd4 19. Bxd4 Ne5 20. b6 Qd7 21. Ra7 Rxa7 22. bxa7 Qg4 23. Bxe5 fxe5 24. Qe2 Qh4 25.
Ba4 e4 26. Bc6 Bxc6 27. dxc6 Bd4 28. Nb5 Bb6 29. c7 Qf4 30. g3 Qe5 31. Qc4 d5 32. c8=Q Rxc8 33. Qxc8+ Kg7 34. a8=Q 1-0

[Event "Late-Titled-Tuesday-Blitz-September-05-2023"]
[Site "Chess.com"]
[Date "2023.09.05"]
[Round "5"]
[White "Sina_Movahed"]
[Black "MagnusCarlsen"]
[Result "0-1"]
[WhiteElo "2981"]
[BlackElo "3263"]
[TimeControl "180+1"]
[EndTime "14:56:17 PDT"]
[Termination "MagnusCarlsen won by resignation"]

1. Nf3 d5 2. g3 Nd7 3. d4 b6 4. Bg2 Bb7 5. O-O e6 6. c4 dxc4 7. Nbd2 b5 8. b3 c3 9. Nb1 b4 10. a3 a5 11. Qd3 Ngf6 12. Bg5 Be7 13. Bxf6 Bxf6 14. Qb5 Ba6 15. Qc6 Bxe2 16. Re1 Ra6 17. Qe4 Bxf3 18. Bxf3 c5 19. dxc5 c2 20. Nd2 Bxa1 21.
Rxa1 Nxc5 22. Qxc2 Qd4 23. Rd1 Qc3 24. Rc1 Ke7 25.
Qxc3 bxc3 26. Rxc3 Rd8 27. Nc4 Rd3 28. Rxd3 Nxd3 29.
Be2 Nc5 30. b4 axb4 31. axb4 Ra2 32. bxc5 Rxe2 33. Ne3 Re1+ 34. Kg2 Rc1 0-1

[Event "Late-Titled-Tuesday-Blitz-September-05-2023"]
[Site "Chess.com"]
[Date "2023.09.05"]
[Round "5"]
[White "KarateBaby"]
[Black "Ermito2020"]
[Result "1-0"]
[WhiteElo "2451"]
[BlackElo "2549"]
[TimeControl "180+1"]
[EndTime "14:56:17 PDT"]
[Termination "KarateBaby won on time"]

1. b3 e5 2. Bb2 Nc6 3. Nf3 e4 4. Nd4 Nxd4 5. Bxd4 Nf6 6. e3 c5 7.
Bb2 d5 8. d3 Be6 9. Nd2 exd3 10.
Bxd3 Be7 11. O-O O-O 12. h3 Qc7 13. Qe2 Rad8 14. e4 Qf4 15. g3 Qh6 16. e5 Nd7 17. h4 Nb6 18. f4 c4 19. bxc4 dxc4 20. Be4 Bh3 21. Rf2 Bc5 22. Kh2 Bxf2 23. Qxf2 Bc8 24.
Bd4 Qe6 25. f5 Qd7 26. c3 Rfe8 27. Re1 Qc7 28. f6 g6 29. Qe3 Kh8 30. Qh6 Rg8 31.
Nf3 Nd7 32. Ng5 Nf8 33. Bc5 Rd2+ 34. Kh1 Qd8 35. Bxf8 Rh2+ 36. Kxh2 Qd2+ 37. Bg2 1-0